 Dungeon Crawl Stone Soup version 0.29-a0-241-g20d21d4356 (webtiles) character file.

Game seed: 14373044448913515029

70357 HotDog the Fencer (level 14, 0/130 HPs)
             Began as a Minotaur Fighter on Mar 4, 2022.
             Was a High Priest of the Shining One.
             Slain by a yak (2 damage)
             ... while petrified by a catoblepas
             ... on level 6 of the Lair of Beasts.
             The game lasted 00:36:11 (27518 turns).

HotDog the Fencer (Minotaur Fighter)               Turns: 27518, Time: 00:36:12

Health: 0/130      AC: 17    Str: 25    XL:     14   Next: 93%
Magic:  0/19       EV:  2    Int:  5    God:    the Shining One [*****.]
Gold:   1347       SH:  0    Dex: 14    Spells: 13/13 levels left

rFire   + + .      SeeInvis .   e - +6 long sword (venom)
rCold   + . .      Faith    .   q - +3 tower shield
rNeg    + + +      Spirit   +   t - +5 scale mail
rPois   ∞          Reflect  .   (helmet unavailable)
rElec   .          Harm     .   z - scarf {rC+ rF+}
rCorr   +          Rampage  .   r - +1 pair of gloves {Dex+3}
Will    +....                   (no boots)
Stlth   ..........              x - amulet of guardian spirit
HPRegen 0.31/turn               H - ring of resist corrosion
MPRegen 0.16/turn               F - ring of protection from fire

@: petrified, glowing
A: horns 3, retaliatory headbutt, poison resistance
a: Renounce Religion, Divine Shield, Cleansing Flame, Summon Divine Warrior


You were on level 6 of the Lair of Beasts.
You worshipped the Shining One.
The Shining One was extremely pleased with you.
You visited 2 branches of the dungeon, and saw 21 of its levels.
You visited 1 bazaar.
You also visited: Sewer, Bailey and Volcano.

You collected 2101 gold pieces.
You spent 754 gold pieces at shops.

Inventory:

Hand Weapons
 e - a +6 long sword of venom (weapon)
 C - a +3 scimitar of flaming
Missiles
 n - 2 throwing nets (quivered)
Armour
 g - a +1 cloak of fire resistance
 j - a +0 plate armour
 q - a +3 tower shield (worn)
 r - a +1 pair of gloves of dexterity (worn)
 t - a +5 scale mail (worn)
 z - a scarf of resistance (worn)
Jewellery
 u - an amulet of faith
 x - an amulet of guardian spirit (around neck)
 y - a ring of fire
 F - a ring of protection from fire (right hand)
 H - a ring of resist corrosion (left hand)
 M - a +6 ring of intelligence
 Q - an amulet of reflection
Wands
 f - a wand of mindburst (12)
 k - a wand of digging (3)
 m - a wand of charming (5)
 B - a wand of polymorph (13)
 E - a wand of flame (4)
 G - a wand of paralysis (20)
 K - a wand of iceblast (3)
Scrolls
 a - a scroll of holy word
 s - 2 scrolls of immolation
 v - 5 scrolls of amnesia
 A - 10 scrolls of teleportation
 D - a scroll of torment
 I - a scroll of silence
 L - a scroll of magic mapping
 N - 2 scrolls of fog
 O - a scroll of blinking
 R - 4 scrolls of identify
Potions
 b - 2 potions of brilliance
 c - 2 potions of curing
 d - 3 potions of might
 h - a potion of resistance
 i - 6 potions of invisibility
 l - 3 potions of lignification
 o - 6 potions of haste
 p - a potion of heal wounds
 w - 2 potions of cancellation
 J - 3 potions of attraction
 P - a potion of berserk rage


   Skills:
 * Level 13.6 Fighting
 * Level 15.9 Long Blades
 * Level 13.0 Armour
 * Level 9.8 Dodging
 - Level 0.7 Stealth
 * Level 15.4 Shields
 * Level 8.6 Invocations


You had 13 spell levels left.
You didn't know any spells.
Your spell library contained the following spells:

 Spells                   Type           Power      Damage    Failure   Level
 Slow                     Hex            0%         N/A       98%         1
 Sublimation of Blood     Necr           0%         N/A       99%         2
 Wereblood                Tmut           0%         N/A       99%         2
 Confusing Touch          Hex            0%         N/A       100%        3
 Dazzling Flash           Conj/Hex       0%         N/A       100%        3
 Gell's Gravitas          Tloc           0%         N/A       100%        3
 Lesser Beckoning         Tloc           0%         N/A       100%        3
 Teleport Other           Tloc           0%         N/A       100%        3
 Vampiric Draining        Necr           0%         2d6       100%        3
 Iskenderun's Mystic Bla  Conj/Tloc      0%         2d3       100%        4
 Leda's Liquefaction      Hex/Erth       0%         N/A       100%        4
 Passage of Golubria      Tloc           0%         N/A       100%        4
 Petrify                  Tmut/Erth      0%         N/A       100%        4
 Irradiate                Conj/Tmut      0%         3d14      100%        5
 Lee's Rapid Deconstruct  Erth           0%         3d5*      100%        5
 Silence                  Hex/Air        0%         N/A       100%        5
 Starburst                Conj/Fire      0%         6d3       100%        6
 Statue Form              Tmut/Erth      0%         N/A       100%        6
 Orb of Destruction       Conj           0%         9d5       100%        7
 Summon Hydra             Summ           0%         N/A       100%        7
 Lehudib's Crystal Spear  Conj/Erth      0%         10d2      100%        8


Dungeon Overview and Level Annotations

Branches:
Dungeon (15/15)            Temple (0/1) D:6            Lair (6/6) D:11
  Swamp (0/4) Lair:2       Spider (0/4) Lair:2        Slime (0/5) Lair:5
    Orc (0/2) D:11         Vaults (0/5) D:14          Sewer (visited)
 Bailey (visited)         Volcano (visited)
 Depths: D:15

Altars:
Ashenzari
Cheibriados
Dithmenos
Nemelex Xobeh
The Shining One
Lugonu

Shops:
D:5 [   D:8 *   D:11 (:[!

Portals:
Abyss: Lair:2

Annotations:
D:5 2 runed translucent doors, MrShunz's ghost, novice MiBe
Lair:6 Snorg


Innate Abilities, Weirdness & Mutations

You have a pair of large horns on your head.
You reflexively headbutt those who attack you in melee.
Your system is resistant to poisons. (rPois)


Message History

The cane toad stings you!
Your limbs are stiffening.
You have turned to stone.
The cane toad is engulfed in calcifying dust.
The cane toad is moving more slowly.
The cane toad stings you but does no damage.
Snorg bites you but does no damage. Snorg claws you.
Snorg claws you but does no damage. The catoblepas gores you!
The cane toad is engulfed in calcifying dust.
The cane toad stops moving altogether!
Snorg bites you. Snorg claws you but does no damage. x2
The catoblepas gores you! Snorg bites you but does no damage.
Snorg claws you but does no damage. Snorg barely misses you. The yak gores you!
The catoblepas gores you! The manticore bites you.
The manticore barely misses you. The manticore claws you.
Snorg goes berserk!
The yak gores you. The catoblepas gores you!!
* * * LOW HITPOINT WARNING * * *
The manticore bites you but does no damage.
The manticore claws you but does no damage.
The manticore claws you!
* * * LOW HITPOINT WARNING * * *
Snorg bites you.
* * * LOW HITPOINT WARNING * * *
Snorg claws you!
* * * LOW HITPOINT WARNING * * *
Snorg claws you!
* * * LOW HITPOINT WARNING * * *
The yak gores you.
* * * LOW HITPOINT WARNING * * *
Snorg bites you!
* * * LOW HITPOINT WARNING * * *
Snorg claws you!
* * * LOW HITPOINT WARNING * * *
Snorg claws you. The catoblepas gores you!
* * * LOW HITPOINT WARNING * * *
The manticore bites you.
* * * LOW HITPOINT WARNING * * *
The manticore claws you but does no damage. x2
The yak gores you!
You die...

........#....##..#
................#####..
................#......
......†................
....$.††..............#
..............P.......#
P.............##..P...
......Y...........##
.#....Y@H..........##
#..#..TFY...........#
......†Y............#
.P.P................#
.....<.............##
.................###
.............†.##.#
..........#P.P..###
.................#


You could see Snorg (berserk), a catoblepas (very poisoned), a manticore, 3 yaks
and a cane toad (petrified).

Vanquished Creatures
  A fire dragon (D:14)
  3 boulder beetles
  3 hydras
  3 centaur warriors
  2 dancing weapons (D:14)
  13 two-headed ogres
  2 tengu warriors (D:13)
  Urug (Lair:5)
  A hell knight (D:15)
  2 deep trolls (D:14)
  Lodul (D:11)
  A deep elf archer (Volcano)
  A necromancer (D:14)
  9 deep elf pyromancers
  4 manticores
  3 cyclopes
  A black mamba (shapeshifter) (D:14)
  15 elephants
  2 black mambas
  5 gargoyles
  7 cane toads
  A kobold demonologist (D:10)
  An efreet (D:13)
  A freezing wraith (D:14)
  A rime drake (Lair:1)
  2 trolls
  11 komodo dragons
  A tengu conjurer (D:11)
  2 polar bears (Lair:3)
  Prince Ribbit (Lair:1)
  5 dream sheep (Lair:4)
  3 tyrant leeches (Lair:2)
  12 blink frogs
  4 slime creatures
  2 shadows
  3 vampires
  2 wraiths
  32 yaks
  2 basilisks
  A human (shapeshifter) (D:14)
  2 wyverns
  3 fire elementals (Volcano)
  2 steam dragons
  12 water moccasins
  7 hell hounds (Volcano)
  2 acid dragons
  2 sky beasts
  Pargi (Sewer)
  4 orc warriors
  2 ice beasts
  3 black bears
  18 wolves
  5 ogres
  9 centaurs
  6 kobold brigands
  9 bullfrogs
  2 necrophages
  5 scorpions
  7 wights
  A hornet simulacrum (D:13)
  8 killer bees
  7 vampire bats (Bailey)
  7 wolf zombies (Bailey)
  6 jellies
  A gnoll shaman (D:10)
  7 orc priests
  5 hounds
  3 iguanas
  10 orc wizards
  24 gnolls
  7 adders
  A shadow imp (D:6)
  3 white imps
  An ufetubus (D:5)
  A worm (D:2)
  A dart slug (D:5)
  31 orcs
  8 bats
  6 endoplasms
  2 giant cockroaches
  8 hobgoblins
  2 jackals (D:4)
  31 kobolds
  6 quokkas
  9 ball pythons
  2 frilled lizards (D:3)
  14 goblins
  22 orc zombies (Bailey)
  4 rats
  A lurking horror (Lair:2)
507 creatures vanquished.

Vanquished Creatures (others)
  A deep elf pyromancer (Volcano)
  21 fungi
  21 plants
  4 toadstools (D:8)
47 creatures vanquished.

Grand Total: 554 creatures vanquished

Notes
Turn   | Place    | Note
-------+----------+-------------------------------------------
     0 | D:1      | HotDog the Minotaur Fighter began the quest for the Orb.
     0 | D:1      | Reached XP level 1. HP: 19/19 MP: 0/0
   152 | D:1      | Found a faded altar of an unknown god.
   465 | D:1      | Reached XP level 2. HP: 23/27 MP: 1/1
  1243 | D:2      | Reached XP level 3. HP: 29/33 MP: 2/2
  2142 | D:3      | Reached XP level 4. HP: 23/40 MP: 3/3
  2957 | D:3      | Reached skill level 1 in Dodging
  2957 | D:3      | Reached XP level 5. HP: 47/47 MP: 4/4
  3163 | D:4      | Reached skill level 5 in Armour
  3247 | D:4      | Reached XP level 6. HP: 31/53 MP: 5/5
  3470 | D:4      | Reached skill level 5 in Long Blades
  3643 | D:4      | Reached skill level 5 in Fighting
  3643 | D:4      | Reached XP level 7. HP: 54/61 MP: 6/6
  3774 | D:4      | Found a glowing golden altar of the Shining One.
  3837 | D:4      | Reached skill level 5 in Shields
  3859 | D:4      | Became a worshipper of the Shining One
  4597 | D:5      | Entered Level 5 of the Dungeon
  4789 | D:5      | You fall into a shaft and drop 2 floors!
  4831 | D:7      | Reached * piety under the Shining One
  4850 | D:7      | Reached XP level 8. HP: 56/69 MP: 7/7
  4875 | D:7      | Reached skill level 1 in Invocations
  5359 | D:6      | Found a staircase to the Ecumenical Temple.
  5397 | D:6      | Found a glowing drain.
  5401 | Sewer    | Entered a sewer
  5432 | Sewer    | Noticed Pargi
  5439 | Sewer    | Killed Pargi
  5450 | Sewer    | Identified the +3 leather armour of Peis {*Slow rF+ Int+8}
  5748 | D:5      | Found a large runed translucent door.
  5748 | D:5      | Found a large runed translucent door.
  5755 | D:5      | Reached ** piety under the Shining One
  5774 | D:5      | Reached XP level 9. HP: 76/78 MP: 9/9
  5785 | D:5      | Found Guoj's Armour Boutique.
  5824 | D:5      | Found a broken altar of Ashenzari.
  6194 | D:5      | Noticed MrShunz's ghost (novice MiBe)
  6215 | D:5      | Bought a scarf of resistance for 448 gold pieces
  6741 | D:7      | Reached skill level 10 in Long Blades
  8266 | D:8      | Found a snail-covered altar of Cheibriados.
  8398 | D:8      | Found Beuvuf Ole's Elemental Accessories.
  8805 | D:8      | Found a sparkling altar of Nemelex Xobeh.
  9221 | D:9      | Reached XP level 10. HP: 47/86 MP: 6/11
 10418 | D:10     | Entered Level 10 of the Dungeon
 10463 | D:10     | Reached skill level 5 in Dodging
 10476 | D:10     | Noticed a sixfirhy
 10664 | D:10     | Noticed a two-headed ogre
 10677 | D:10     | Killed a two-headed ogre
 10814 | D:10     | Found a flagged portal.
 10824 | Bailey   | Entered a bailey
 10959 | Bailey   | Identified the +3 morningstar of the Lurker {vorpal, Str+2}
 10965 | Bailey   | Reached *** piety under the Shining One
 11070 | Bailey   | Noticed a gargoyle
 11089 | Bailey   | Killed a gargoyle
 11646 | Bailey   | Reached **** piety under the Shining One
 11920 | D:10     | Noticed a two-headed ogre
 11926 | D:10     | Killed a two-headed ogre
 12094 | D:10     | Noticed a two-headed ogre
 12101 | D:10     | Killed a two-headed ogre
 12102 | D:10     | Reached XP level 11. HP: 89/95 MP: 11/13
 13023 | D:11     | Found Uterilea's Weapon Emporium.
 13040 | D:11     | Found Fucigy's Book Shop.
 13073 | D:11     | Noticed a two-headed ogre
 13074 | D:11     | Noticed Lodul
 13075 | D:11     | Noticed a two-headed ogre
 13076 | D:11     | Noticed a two-headed ogre
 13077 | D:11     | Noticed a two-headed ogre
 13106 | D:11     | Reached skill level 10 in Fighting
 13106 | D:11     | Reached skill level 10 in Armour
 13106 | D:11     | Reached skill level 5 in Invocations
 13106 | D:11     | Reached XP level 12. HP: 6/106 MP: 1/15
 13107 | D:11     | HP: 1/106 [barbs]
 13108 | D:11     | The Shining One protects you from harm!
 13344 | D:12     | Found a flickering gateway to a bazaar.
 13351 | D:12     | Noticed a two-headed ogre
 13358 | Bazaar   | Entered a bazaar
 13358 | Bazaar   | Found Weqeneh's General Store.
 13358 | Bazaar   | Found Taij Due's Antique Armour Shoppe.
 13358 | Bazaar   | Found Wiebb's Magic Scroll Shop.
 13358 | Bazaar   | Found Doubaseu's Armour Shoppe.
 13381 | Bazaar   | Found Mosiycoo's Antique Armour Shop.
 13381 | Bazaar   | Found Zocsew's Armour Emporium.
 13416 | Bazaar   | Bought a scroll of enchant weapon for 90 gold pieces
 13416 | Bazaar   | Bought a scroll of enchant armour for 90 gold pieces
 13416 | Bazaar   | Bought a scroll of enchant armour for 90 gold pieces
 13416 | Bazaar   | Bought a scroll of teleportation for 36 gold pieces
 13457 | D:12     | Killed a two-headed ogre
 13477 | D:12     | Noticed a two-headed ogre
 13480 | D:12     | Noticed a two-headed ogre
 13486 | D:12     | Killed a two-headed ogre
 13492 | D:12     | Killed a two-headed ogre
 13749 | D:12     | Noticed a two-headed ogre
 13762 | D:12     | Killed a two-headed ogre
 14289 | D:11     | Reached skill level 10 in Shields
 14839 | D:11     | Found Turocap's Antique Armour Emporium.
 15012 | D:11     | Noticed a two-headed ogre
 15013 | D:11     | Noticed a two-headed ogre
 15449 | D:13     | Noticed a centaur warrior
 15450 | D:13     | Reached XP level 13. HP: 84/116 MP: 13/17
 17169 | D:14     | Found a shadowy altar of Dithmenos.
 17621 | D:14     | Found a gate to the Vaults.
 17844 | D:14     | Noticed a fire dragon
 17862 | D:14     | Killed a fire dragon
 18513 | D:15     | Entered Level 15 of the Dungeon
 19198 | D:14     | Reached skill level 15 in Long Blades
 19901 | D:11     | Found a staircase to the Orcish Mines.
 20027 | D:11     | Found a staircase to the Lair.
 20118 | D:11     | Killed Lodul
 20316 | D:11     | Found Echa's Distillery.
 20589 | Lair:1   | Entered Level 1 of the Lair of Beasts
 20695 | Lair:1   | Reached XP level 14. HP: 127/127 MP: 18/18
 20699 | Lair:1   | Got Difiod's Reference Book on Blows and Bruises and Curses
 20717 | Lair:1   | Noticed Prince Ribbit
 20727 | Lair:1   | Killed Prince Ribbit
 21650 | Lair:2   | Found a staircase to the Swamp.
 21911 | Lair:2   | Found a hole to the Spider Nest.
 22249 | Lair:2   | Found a one-way gate to the infinite horrors of the Abyss.
 22293 | Lair:2   | Found a corrupted altar of Lugonu.
 24572 | Lair:4   | Found a dark tunnel.
 24582 | Volcano  | Entered a volcano
 24922 | Volcano  | Gained mutation: You have a pair of large horns on your
                  | head. [potion of mutation]
 24922 | Volcano  | Gained mutation: Your system is resistant to poisons.
                  | (rPois) [potion of mutation]
 25775 | Lair:4   | Reached skill level 15 in Shields
 26385 | Lair:5   | Reached ***** piety under the Shining One
 26545 | Lair:5   | Noticed Urug
 26554 | Lair:5   | Killed Urug
 26840 | Lair:5   | Found a staircase to the Slime Pits.
 27419 | Lair:6   | Entered Level 6 of the Lair of Beasts
 27507 | Lair:6   | Noticed Snorg
 27518 | Lair:6   | HP: 4/130 [catoblepas (6)]
 27518 | Lair:6   | Slain by a yak

Illustrated notes

Levels and vault maps discovered:
D:1:      shiori_arrival_oz, layout_rooms, ebering_ecumenical_altar_hall
D:2:      layout_basic, grunt_ministairs_14
D:3:      layout_loops_corners
D:4:      cheibrodos_pilgrimage, layout_basic, overflow_temple_1_default
D:5:      layout_cave_pools, amcnicky_altar_gilded, ebering_ghost_disaster_area,
          serial_shops, nicolae_shop_crystal
D:6:      layout_rooms, minmay_temple_entry_offerings, gup_sewer_entry_bowl
D:7:      layout_layer_cave
D:8:      layout_basic, lemuel_doored_altar,
          mainiacjoe_overflow_six_doors_small, nrook_campfire,
          minmay_gold_behind_fungi, nicolae_elemental_shop
D:9:      layout_basic
D:10:     layout_loops_ring, enter_bailey_3
D:11:     nicolae_BIG_FREAKIN_CUBE, layout_gridville, david_lair_generic,
          orc_0_dummy, serial_shops, shop, nicolae_square_shop,
          nicolae_shop_competitors_out_of_business, nicolae_stop_n_shop_2,
          uniq_lodul
D:12:     layout_roguey, serial_shops, bzr_entry_customers, grunt_ogre_cave
D:13:     layout_roguey
D:14:     layout_loops_ring, erik_vaults_1, dk_noncrumbling_3,
          grunt_dithmenos_shadows
D:15:     hangedman_depths_entry_civil_slaughter, layout_rooms,
          nzn_hepliaklqana_mist_gate, hangedman_abyss_or_decor_clamps,
          minmay_hidden_floor
Lair:1:   layout_regular_city, lemuel_fruit_tree, grunt_megastairs_5,
          uniq_prince_ribbit2
Lair:2:   layout_layer_cave, minmay_swamp_entry_worms,
          spider_nest_entry_web_field, minivault_27,
          amcnicky_altar_lugonu_corruption
Lair:3:   layout_cave_pods, grunt_megastairs_2
Lair:4:   layout_hall_layers, nicolae_volcano_entry_two_sided
Lair:5:   layout_hall_layers, nicolae_slime_entry_slimehenge, uniq_urug
Lair:6:   evilmike_catoblepas_cave, layout_gridlike, lemuel_fruit_fields,
          uniq_snorg

Skill      XL: |  1  2  3  4  5  6  7  8  9 10 11 12 13 14 |
---------------+-------------------------------------------+-----
Fighting       | 4 5 6 7 8 10 11 12 13 | 13.6
Shields        | 4 5 6 7 9 11 13 15 | 15.4
Armour         | 4 5 6 8 9 10 11 12 13 | 13.0
Long Blades    | 3 4 5 7 9 11 12 13 14 15 | 15.9
Dodging        | 1 2 3 4 5 7 8 9 |  9.8
Invocations    | 2 3 4 5 6 7 8 |  8.6
Stealth        | |  0.7

Action                   |  1- 3 |  4- 6 |  7- 9 | 10-12 | 13-15 || total
-------------------------+-------+-------+-------+-------+-------++-------
Melee: Long sword        |   101 |   107 |   310 |   485 |   776 ||  1779
       Headbutt          |    10 |    13 |    71 |   157 |   266 ||   517
       Scimitar          |       |       |       |       |    38 ||    38
Invok: Divine Shield     |       |       |     1 |     6 |     5 ||    12
       Cleansing Flame   |       |       |       |     3 |     5 ||     8
  Use: Scroll            |     4 |     5 |     7 |    14 |     7 ||    37
       Potion            |       |       |     3 |     8 |     2 ||    13
Armor: Scale mail        |    41 |    73 |   158 |   142 |   244 ||   658
Dodge: Dodged            |    37 |    56 |   137 |   186 |   243 ||   659
Block: Buckler           |    21 |    27 |    82 |   104 |       ||   234
       Tower shield      |       |       |       |   164 |   879 ||  1043

Table legend: (Time is in decaauts)
 A = Elapsed time spent in this place.
 B = Non-inter-level travel time spent in this place.
 C = Inter-level travel time spent in this place.
 D = Time resting spent in this place.
 E = Time spent auto-exploring this place.
 F = Levels seen in this place.
 G = Mean time per level.
                   A        B        C        D        E       F      G
               +--------+--------+--------+--------+--------+-----+--------+
         Total |  27491 |  26558 |    933 |   5378 |  17203 |  25 | 1099.6 |
       Dungeon |  19387 |  18582 |    805 |   4473 |  11505 |  15 | 1292.5 |
          Lair |   6427 |   6300 |    127 |    778 |   4728 |   6 | 1071.2 |
        Bazaar |     92 |     92 |      0 |      0 |     31 |   1 |   92.0 |
         Sewer |     95 |     95 |      0 |      0 |     32 |   1 |   95.0 |
        Bailey |   1038 |   1038 |      0 |     27 |    802 |   1 | 1038.0 |
       Volcano |    449 |    449 |      0 |    100 |    105 |   1 |  449.0 |
               +--------+--------+--------+--------+--------+-----+--------+

Top non-repeatable levels by time:
    D:14: 3065 daAuts
     D:7: 2207 daAuts
    D:11: 1588 daAuts
  Lair:3: 1547 daAuts
     D:4: 1457 daAuts
    D:10: 1434 daAuts
    D:13: 1423 daAuts
  Lair:2: 1414 daAuts
     D:3: 1377 daAuts
    D:12: 1343 daAuts
  Lair:4: 1314 daAuts
     D:9: 1263 daAuts
  Lair:5: 1080 daAuts
  Bailey: 1038 daAuts
     D:8: 1036 daAuts
